 Dungeon Crawl Stone Soup version 0.28-b1-70-g80dc712255 (webtiles) character file.

Game seed: 978849917904470916

8451 Minsecho the Fighter (level 11, -7/102 HPs)
             Began as a Minotaur Fighter on Feb 3, 2022.
             Hit by a javelin thrown by a minotaur (14 damage)
             ... in a Gauntlet.
             The game lasted 00:30:01 (13026 turns).

Minsecho the Fighter (Minotaur Fighter)            Turns: 13026, Time: 00:30:01

Health: -7/102     AC: 17    Str: 24    XL:     11   Next: 10%
Magic:  0/10       EV: 12    Int:  5    God:
Gold:   451        SH:  7    Dex: 22    Spells: 10/10 levels left

rFire   . . .      SeeInvis .   D - +6 mace "Panayda" {flame, Fragile rElec rPois Dex+5}
rCold   + . .      Faith    .   c - +0 buckler
rNeg    + . .      Spirit   +   b - +0 scale mail
rPois   +          Reflect  .   (helmet unavailable)
rElec   +          Harm     .   L - +0 cloak "Fuliadam" {rC+ rN+}
rCorr   .          Rampage  .   (no gloves)
Will    +....      NoTele   +   N - +2 pair of boots of the Yeti {rElec}
Stlth   +.........              o - amulet of guardian spirit
HPRegen 0.27/turn               K - ring of the Greedy {rElec AC+4}
MPRegen 0.12/turn               t - +6 ring of dexterity

@: hasted, studying Fighting, very quick
A: horns 3, retaliatory headbutt, strong-willed 1
a: no special abilities


You were in a Gauntlet.
You visited 2 branches of the dungeon, and saw 12 of its levels.
You also visited: Gauntlet.

You collected 451 gold pieces.

Inventory:

Hand Weapons
 s - the +5 spear of Qazlal {pain, Dex+3}
   (You found it on level 5 of the Dungeon)

   In the hands of one skilled in necromantic magic, it inflicts extra damage on
   living creatures.
   Dex:       It affects your dexterity (+3).
 x - a +1 war axe of pain
 y - a +4 hand axe
 B - a +3 war axe of venom
 D - the +6 mace "Panayda" (weapon) {flame, Fragile rElec rPois Dex+5}
   (You found it on level 8 of the Dungeon)

   It burns those it strikes, dealing additional fire damage.
   Dex:       It affects your dexterity (+5).
   rElec:     It insulates you from electricity.
   rPois:     It protects you from poison.
   Fragile:   It will be destroyed if unequipped.
 M - a +3 great mace
 O - a +3 arbalest of freezing
Missiles
 p - 2 curare-tipped darts (quivered)
Armour
 b - a +0 scale mail (worn)
 c - a +0 buckler (worn)
 d - a +2 leather armour of fire resistance
 q - a scarf of invisibility
 z - a scarf of shadows
 L - the +0 cloak "Fuliadam" (worn) {rC+ rN+}
   (You found it in a Gauntlet)

   rC:        It protects you from cold.
   rN:        It protects you from negative energy.
 N - the +2 pair of boots of the Yeti (worn) {rElec}
   (You found it in a Gauntlet)

   rElec:     It insulates you from electricity.
Jewellery
 g - a ring of resist corrosion
 o - an amulet of guardian spirit (around neck)
 t - a +6 ring of dexterity (right hand)
 J - a ring of flight
 K - the ring of the Greedy (left hand) {rElec AC+4}
   (You found it in a Gauntlet)

   [ring of protection]

   AC:        It affects your AC (+4).
   rElec:     It insulates you from electricity.
Wands
 f - a wand of flame (17)
 A - a wand of iceblast (13)
Scrolls
 a - a scroll of immolation
 e - 4 scrolls of teleportation
 h - 2 scrolls of magic mapping
 i - a scroll of summoning {unknown}
 j - a scroll of fear {unknown}
 l - 5 scrolls of vulnerability {unknown}
 m - 2 scrolls of amnesia
 n - a scroll of enchant weapon
 u - a scroll of acquirement {unknown}
 v - 2 scrolls of silence
 E - 2 scrolls of noise
 F - 2 scrolls of fog
 G - a scroll of enchant armour {unknown}
Potions
 k - a potion of mutation
 r - 3 potions of degeneration
 w - a potion of resistance
 C - a potion of attraction
 H - a potion of brilliance


   Skills:
 + Level 11.1 Fighting
 + Level 10.5(11.8) Axes
 + Level 8.4(10.7) Maces & Flails
 + Level 9.9 Armour
 + Level 4.1 Dodging
 - Level 1.4 Stealth
 + Level 6.4 Shields
 - Level 0.5 Necromancy
 - Level 5.0 Evocations


You had 10 spell levels left.
You didn't know any spells.
Your spell library contained the following spells:

 Spells                   Type           Power      Damage    Failure   Level
 Beastly Appendage        Tmut           0%         N/A       82%         1
 Magic Dart               Conj           0%         1d3       82%         1
 Shock                    Conj/Air       0%         1d3       82%         1
 Corpse Rot               Necr/Air       0%         N/A       89%         2
 Call Imp                 Summ           0%         N/A       91%         2
 Wereblood                Tmut           0%         N/A       91%         2
 Gell's Gravitas          Tloc           0%         N/A       99%         3
 Lesser Beckoning         Tloc           0%         N/A       99%         3
 Mephitic Cloud           Conj/Pois/Air  0%         N/A       99%         3
 Spider Form              Tmut/Pois      0%         N/A       99%         3
 Swiftness                Air            0%         N/A       99%         3
 Teleport Other           Tloc           0%         N/A       99%         3
 Airstrike                Air            0%         N/A       100%        4
 Dispel Undead            Necr           0%         3d6       100%        4
 Death Channel            Necr           0%         N/A       100%        6


Dungeon Overview and Level Annotations

Branches:
Dungeon (11/15)            Temple (1/1) D:4         Gauntlet (1/1)
   Lair: D:8-11         Orc: D:9-12

Altars:
Ashenzari
Cheibriados
Dithmenos
Elyvilon
Fedhas
Gozag
Hepliaklqana
Kikubaaqudgha
Makhleb
Nemelex Xobeh
Qazlal
Ru
Sif Muna
Trog
Uskayaw
Vehumet
Wu Jian
Yredelemnul
Zin
The Shining One

Annotations:
D:8 3 runed translucent doors, GilGalad's ghost, novice MiFi
D:9 Erica; Erolcha Gauntlet 8 transporters, exclusion: ice statue


Innate Abilities, Weirdness & Mutations

You have a pair of large horns on your head.
You reflexively headbutt those who attack you in melee.
You are strong-willed. (Will+)


Message History

You hit the minotaur but do no damage.
You headbutt the minotaur, but do no damage.
The minotaur is moderately wounded.
The minotaur hits you with a +0 bardiche!!
* * * LOW HITPOINT WARNING * * *
You block the minotaur's attack.
Okay, then.
Unknown command.
Okay, then.
Okay, then.
Unknown command.
Press: ? - help, v - describe, . - travel
Here: a minotaur, wielding a +0 bardiche, wearing a +0 chain mail and quivering javelins (moderately wounded)
The floor.
Unknown command.
Press: ? - help, v - describe, . - travel
Here: a minotaur, wielding a +0 bardiche, wearing a +0 chain mail and quivering javelins (moderately wounded)
The floor.
Okay, then.
Okay, then.
The minotaur hits you from afar with a +0 bardiche!
* * * LOW HITPOINT WARNING * * *
You feel yourself speed up.
There is an open door, spattered with blood here.
Okay, then.
Press: ? - help, v - describe, . - travel, g - get item
Items here: a staff of poison; a dyed leather armour; a merfolk skeleton.
The floor, spattered with blood.
Unknown command.
Press: ? - help, v - describe, . - travel, g - get item
Items here: a glowing robe; an ogre skeleton.
The floor, spattered with blood.
Press: ? - help, v - describe, . - travel, g - get item
Items here: 3 boomerangs of dispersal; a book of Spatial Translocations; a kobold skeleton.
The floor, spattered with blood.
Unknown command.
The minotaur throws a javelin.
The javelin pierces through you.
* * * LOW HITPOINT WARNING * * *
The minotaur throws a javelin.
The javelin pierces through you!
You die...

=#..##
4#..§###########
##..###........#
....##..###.##.##
##..#..........8#
.#..#...#.#.....#
.#.8#.©.#.#.#########
©#..#...#.H.#8.8[8(8#
##.∩#.©.###.'...@..∩#
.#..#...#...#8.8|8}8#
.#.8#.©.#.#.#########
.#..#...#.#..
##..#........
....##..###.##
##..###......
Z#..≈######## =#..##


You could see a minotaur.

Vanquished Creatures
  A hell beast (Gauntlet)
  2 two-headed ogres (D:10)
  A sea snake (shapeshifter) (Gauntlet)
  A kobold demonologist (D:10)
  A troll (D:10)
  4 hornets
  Grinder (D:6)
  Sigmund (D:2)
  A slime creature (shapeshifter) (Gauntlet)
  A hog (shapeshifter) (Gauntlet)
  A shadow (D:9)
  A steam dragon (D:6)
  A water moccasin (D:9)
  The ghost of DemonSlayer the Conjurer, an amateur DECj (D:3)
  A sky beast (D:7)
  3 orc warriors
  2 ice beasts
  An ogre (D:6)
  2 centaurs
  A phantom (D:5)
  2 bullfrogs (D:7)
  A kobold brigand (D:10)
  A scorpion (D:5)
  A wyvern zombie (D:8)
  13 wights
  2 electric eels (D:11)
  2 howler monkeys
  A crimson imp (D:8)
  3 centaur zombies
  2 hounds (D:4)
  4 orc priests
  Ijyb (D:3)
  A bullfrog skeleton (D:5)
  3 hell rats (D:7)
  4 iguanas
  12 orc wizards
  A hound skeleton (D:4)
  Robin (D:3)
  2 howler monkey zombies
  7 gnolls
  8 river rats (D:7)
  A shadow imp (D:5)
  A white imp (D:8)
  An adder skeleton (D:4)
  A dart slug (D:1)
  32 orcs
  8 endoplasms
  6 giant cockroaches
  10 goblins
  9 hobgoblins
  6 jackals
  14 kobolds
  7 quokkas
  11 ball pythons
  3 bats
  5 frilled lizards
  19 rats
234 creatures vanquished.

Notes
Turn   | Place    | Note
-------+----------+-------------------------------------------
     0 | D:1      | Minsecho the Minotaur Fighter began the quest for the Orb.
     0 | D:1      | Reached XP level 1. HP: 19/19 MP: 0/0
   193 | D:1      | Reached XP level 2. HP: 27/27 MP: 1/1
   195 | D:1      | Reached skill level 4 in Fighting
   904 | D:2      | Noticed Sigmund
   906 | D:2      | Reached XP level 3. HP: 33/33 MP: 2/2
   963 | D:2      | Found a faded altar of an unknown god.
  1131 | D:2      | Gained mutation: You do not regenerate when monsters are
                  | visible. [potion of mutation]
  1131 | D:2      | Gained mutation: Your mind is acute. (Int +2) [potion of
                  | mutation]
  1131 | D:2      | Gained mutation: Your movements are slightly less
                  | encumbered by armour. (ER -2) [potion of mutation]
  1131 | D:2      | HP: 1/33 [something (6)]
  1133 | D:2      | Killed Sigmund
  1134 | D:2      | Reached skill level 1 in Dodging
  1134 | D:2      | Reached XP level 4. HP: 1/41 MP: 3/3
  1134 | D:2      | Reached XP level 5. HP: 1/47 MP: 4/4
  1858 | D:3      | Noticed Robin
  2002 | D:3      | Killed Robin
  2003 | D:3      | Reached skill level 5 in Axes
  2003 | D:3      | Reached skill level 5 in Armour
  2013 | D:3      | Lost mutation: Your mind is acute. (Int +2) [potion of
                  | mutation]
  2013 | D:3      | Lost mutation: Your movements are slightly less encumbered
                  | by armour. (ER -2) [potion of mutation]
  2013 | D:3      | Gained mutation: You have a pair of large horns on your
                  | head. [potion of mutation]
  2013 | D:3      | Lost mutation: You do not regenerate when monsters are
                  | visible. [potion of mutation]
  2013 | D:3      | Gained mutation: You are strong-willed. (Will+) [potion of
                  | mutation]
  2300 | D:2      | Reached XP level 6. HP: 17/53 MP: 5/5
  2878 | D:3      | Found a runed translucent door.
  2878 | D:3      | Noticed DemonSlayer's ghost (amateur DECj)
  3133 | D:3      | Found a shimmering blue altar of Sif Muna.
  3251 | D:3      | Noticed Ijyb
  3274 | D:3      | Killed Ijyb
  3585 | D:3      | Killed DemonSlayer's ghost
  3708 | D:4      | Found a staircase to the Ecumenical Temple.
  3712 | D:4      | Reached skill level 5 in Fighting
  3727 | Temple   | Entered the Ecumenical Temple
  4109 | D:4      | Found a stormy altar of Qazlal.
  4148 | D:4      | Reached XP level 7. HP: 59/61 MP: 4/6
  4339 | D:4      | Found an ancient bone altar of Kikubaaqudgha.
  4533 | D:4      | Found a glowing golden altar of the Shining One.
  4624 | D:5      | Entered Level 5 of the Dungeon
  5004 | D:5      | Found a glowing silver altar of Zin.
  5333 | D:5      | Reached skill level 1 in Stealth
  5656 | D:5      | Identified the +5 spear of Qazlal {pain, Dex+3}
  5782 | D:5      | Reached XP level 8. HP: 70/70 MP: 7/7
  6057 | D:6      | Found a broken altar of Ashenzari.
  6071 | D:6      | Reached skill level 6 in Fighting
  6150 | D:6      | Reached skill level 5 in Shields
  6610 | D:6      | Noticed Grinder
  6674 | D:6      | Paralysed by Grinder for 3 turns
  7504 | D:7      | Reached skill level 1 in Evocations
  7798 | D:7      | Reached skill level 7 in Fighting
  7803 | D:7      | Reached XP level 9. HP: 45/79 MP: 6/8
  8144 | D:8      | Noticed a centaur warrior
  8147 | D:8      | Noticed GilGalad's ghost (novice MiFi)
  8148 | D:8      | Found a runed translucent gate.
  8155 | D:8      | Found a runed translucent gate.
  8155 | D:8      | Found a runed translucent gate.
  8268 | D:8      | Identified the +6 mace "Panayda" {flame, Fragile rElec
                  | rPois Dex+5}
  8290 | D:8      | Found a burning altar of Makhleb.
  8291 | D:8      | Found a radiant altar of Vehumet.
  8348 | D:8      | Reached skill level 10 in Axes
  8363 | D:8      | Reached skill level 8 in Fighting
  8814 | D:8      | Reached skill level 1 in Maces & Flails
  9546 | D:9      | Identified the +0 ring mail of Dyspraxia {rPois rCorr Int+4
                  | Dex-3}
  9567 | D:9      | Reached skill level 9 in Fighting
  9923 | D:9      | Found a shadowy altar of Dithmenos.
  9948 | D:9      | Noticed Erica
 10343 | D:6      | Paralysed by Grinder for 3 turns
 10354 | D:6      | Killed Grinder
 10761 | D:9      | Noticed Erolcha
 10811 | D:10     | Entered Level 10 of the Dungeon
 10811 | D:10     | Noticed a troll
 10816 | D:10     | Killed a troll
 10817 | D:10     | Reached XP level 10. HP: 91/91 MP: 9/9
 10880 | D:10     | Found a snail-covered altar of Cheibriados.
 10888 | D:10     | Found a hazy altar of Hepliaklqana.
 10928 | D:10     | Noticed a two-headed ogre
 10935 | D:10     | Killed a two-headed ogre
 10962 | D:10     | Noticed a two-headed ogre
 10969 | D:10     | Killed a two-headed ogre
 10970 | D:10     | Reached skill level 10 in Fighting
 10970 | D:10     | Reached skill level 5 in Maces & Flails
 11835 | D:11     | Found a gate leading to a gauntlet.
 11842 | D:11     | Reached skill level 5 in Evocations
 11936 | Gauntlet | Entered a Gauntlet
 11936 | Gauntlet | Found a transporter.
 11936 | Gauntlet | Found a transporter.
 12010 | Gauntlet | Found a transporter.
 12013 | Gauntlet | Found a transporter.
 12013 | Gauntlet | Found a transporter.
 12013 | Gauntlet | Noticed an ice statue
 12016 | Gauntlet | Found a transporter.
 12065 | Gauntlet | Found a transporter.
 12065 | Gauntlet | Found a transporter.
 12067 | Gauntlet | Noticed a mana viper
 12068 | Gauntlet | Found a transporter.
 12068 | Gauntlet | Noticed a frost giant
 12068 | Gauntlet | Noticed a death drake
 12072 | Gauntlet | Noticed a spectral centaur warrior
 12079 | Gauntlet | Noticed a spectral wolf spider
 12082 | Gauntlet | Found a transporter.
 12098 | Gauntlet | Found a runed translucent door.
 12102 | Gauntlet | Found a transporter.
 12104 | Gauntlet | Noticed an azure jelly
 12105 | Gauntlet | Noticed a fire crab
 12110 | Gauntlet | Noticed an eleionoma
 12110 | Gauntlet | an azure jelly changed into an eleionoma
 12110 | Gauntlet | Noticed a reaper
 12111 | Gauntlet | Found a transporter.
 12125 | Gauntlet | Found a transporter.
 12150 | Gauntlet | Found a transporter.
 12220 | Gauntlet | Noticed a hell beast
 12254 | Gauntlet | Noticed a glowing orange brain
 12254 | Gauntlet | Noticed a moth of wrath
 12254 | Gauntlet | a glowing orange brain changed into a moth of wrath
 12257 | Gauntlet | Noticed a glowing shapeshifter
 12257 | Gauntlet | a moth of wrath changed into a glowing shapeshifter
 12258 | Gauntlet | Noticed a lindwurm
 12258 | Gauntlet | a glowing shapeshifter changed into a lindwurm
 12264 | Gauntlet | Noticed a glowing orange brain
 12264 | Gauntlet | a lindwurm changed into a glowing orange brain
 12290 | Gauntlet | Noticed a water nymph
 12290 | Gauntlet | a redback changed into a water nymph
 12493 | Gauntlet | Identified the ring of the Greedy {rElec AC+4}
 12533 | Gauntlet | Killed a hell beast
 12709 | Gauntlet | Identified the +0 cloak "Fuliadam" {rC+ rN+}
 12710 | Gauntlet | Noticed a cyclops
 12711 | Gauntlet | Noticed a guardian serpent
 12711 | Gauntlet | a cyclops changed into a guardian serpent
 12714 | Gauntlet | Noticed a moth of wrath
 12714 | Gauntlet | a guardian serpent changed into a moth of wrath
 12717 | Gauntlet | Noticed an anaconda
 12719 | Gauntlet | Noticed a faun
 12719 | Gauntlet | a moth of wrath changed into a faun
 12721 | Gauntlet | Noticed a lindwurm
 12721 | Gauntlet | a faun changed into a lindwurm
 12725 | Gauntlet | Noticed a torpor snail
 12725 | Gauntlet | a lindwurm changed into a torpor snail
 12734 | Gauntlet | Noticed a mana viper
 12734 | Gauntlet | a torpor snail changed into a mana viper
 12736 | Gauntlet | a mana viper changed into a swamp worm
 12742 | Gauntlet | Noticed a sea snake
 12742 | Gauntlet | an anaconda changed into a sea snake
 12755 | Gauntlet | Noticed a glowing shapeshifter
 12755 | Gauntlet | a redback changed into a glowing shapeshifter
 12757 | Gauntlet | Noticed a steelbarb worm
 12757 | Gauntlet | a glowing shapeshifter changed into a steelbarb worm
 12759 | Gauntlet | Noticed a faun
 12759 | Gauntlet | a steelbarb worm changed into a faun
 12761 | Gauntlet | Killed a sea snake
 12762 | Gauntlet | Reached skill level 11 in Fighting
 12762 | Gauntlet | Reached XP level 11. HP: 64/102 MP: 6/10
 12765 | Gauntlet | Noticed a mana viper
 12765 | Gauntlet | a faun changed into a mana viper
 12768 | Gauntlet | Noticed a glowing orange brain
 12768 | Gauntlet | a mana viper changed into a glowing orange brain
 12771 | Gauntlet | Noticed a death drake
 12771 | Gauntlet | a glowing orange brain changed into a death drake
 12776 | Gauntlet | a death drake changed into a jumping spider
 12780 | Gauntlet | Noticed a swamp dragon
 12780 | Gauntlet | a jumping spider changed into a swamp dragon
 12782 | Gauntlet | a swamp dragon changed into an elephant
 12792 | Gauntlet | Noticed a jorogumo
 12792 | Gauntlet | a slime creature changed into a jorogumo
 12796 | Gauntlet | a jorogumo changed into a slime creature
 12977 | Gauntlet | Identified the +2 pair of boots of the Yeti {rElec}
 13002 | Gauntlet | Noticed a minotaur
 13026 | Gauntlet | Hit by a javelin thrown by a minotaur

Illustrated notes

Levels and vault maps discovered:
D:1:      roderic_octagonal_star, layout_loops_ring
D:2:      layout_rooms, shapermc_ecumenical_altar_pompeii, uniq_sigmund
D:3:      layout_basic, nicolae_sif_muna_condensation,
          hellmonk_ghost_happy_afterlife, uniq_robin, uniq_ijyb
D:4:      layout_rooms, lemuel_tele_altar,
          mainiacjoe_overflow_concentric_impassable,
          mainiacjoe_overflow_surrounded_room, minmay_temple_entry_glass,
          minmay_manual_monstrance
D:5:      layout_basic, zin_statuary
D:6:      layout_basic, ashenzari_altar_1, uniq_grinder
D:7:      lemuel_ratsnest, layout_loops_ring
D:8:      layout_loops_ring, grunt_temple_overflow_lords_of_destruction,
          gammafunk_ghost_split
D:9:      layout_irregular_city, grunt_dithmenos_smoke, jmf_multi_god_temple,
          uniq_erolcha, uniq_psyche, uniq_erica
D:10:     layout_loops_cross, mainiacjoe_overflow_large_starburst,
          serial_rivers, chequers_serial_rivers_room_b,
          chequers_serial_rivers_small_a, chequers_serial_rivers_micro_b,
          chequers_serial_rivers_micro_d, roderic_st_hans_cross
D:11:     layout_basic, dpeg_oklobed_lair, gauntlet_entry_generic
Temple:   jpeg_temple_island
Gauntlet: gammafunk_gauntlet_mixed_choke_point
          [minmay_gauntlet_arena_77_broken_ladder,
          minmay_gauntlet_arena_77_squiggly,
          minmay_gauntlet_arena_77_hold_the_fort,
          gammafunk_gauntlet_arena_split_x, minmay_gauntlet_arena_77_p_blocks,
          minmay_gauntlet_arena_77_path,
          minmay_gauntlet_arena_77_terracotta_army,
          nicolae_gauntlet_exit_dead_adventurers]

Skill      XL: |  1  2  3  4  5  6  7  8  9 10 |
---------------+-------------------------------+-----
Fighting       | 4 5 7 9 11 | 11.1
Shields        | 4 5 6 |  6.4
Armour         | 4 5 6 7 8 9 |  9.9
Axes           | 4 5 6 7 9 10 | 10.5
Dodging        | 1 2 4 |  4.1
Stealth        | 1 |  1.4
Evocations     | 1 3 5 |  5.0
Maces & Flails | 3 8 |  8.4
Necromancy     | |  0.5

Action                   |  1- 3 |  4- 6 |  7- 9 | 10-12 || total
-------------------------+-------+-------+-------+-------++-------
Melee: War axe           |    68 |   134 |   235 |       ||   437
       Headbutt          |     4 |    23 |    53 |    26 ||   106
       Mace              |       |       |    79 |   118 ||   197
Evoke: Wand              |       |       |     1 |     4 ||     5
  Use: Potion            |     6 |     3 |     2 |     2 ||    13
       Scroll            |       |       |    12 |     1 ||    13
Armor: Scale mail        |    35 |    60 |    82 |    23 ||   200
Dodge: Dodged            |    27 |    51 |   127 |    56 ||   261
Block: Buckler           |    10 |    37 |    54 |    37 ||   138
